AoeStats
← Kez

Arena

507753353Analyzed
3v3 RM · 13d ago on Sep 19, 2026· 44m 6s· 6 players
Game mode
Random Map
Map size
Normal (6 player)
Population
200
Speed
Normal
Resources
Standard
Victory
Conquest
Starting age
Dark Age
Ending age
Imperial Age
RankedLock teamsTeams togetherTeam positionsShared explorationLock speedFull tech treeHidden civsTurbo modeCheats
Victory
Defeat
🇪🇸 Khmer · Spain
1465
+8
🇪🇸 Berbers · Spain
1426
+9
🇪🇸 Koreans · Spain
1417
+9
🇳🇱 Wei · Netherlands
1326
-11
🇭🇰 Bohemians · Hong Kong SAR China
1245
-8
🇵🇪 Saracens · Peru
1224
-7
Kez
10:27 Feudal Age
14:52 Castle Age
13:11 Double-Bit Axe
16:38 Horse Collar
22:48 Loom
23:45 Bow Saw
23:37 Heavy Plow
24:14 Bloodlines
25:56 Wheelbarrow
25:06 Town Watch
26:42 Husbandry
26:52 Gold Mining
27:47 Scale Barding Armor
31:09 Imperial Age
29:06 Stone Mining
29:55 Forging
30:06 Chain Barding Armor
29:47 Treadmill Crane
31:16 Gold Shaft Mining
31:07 Hand Cart
31:30 Heavy Hei Guang Cavalry
33:07 Conscription
34:19 Iron Casting
35:38 Chemistry
35:14 Crop Rotation
36:09 Coinage
36:32 Tuntian
39:07 Blast Furnace
38:19 Masonry
38:48 Hoardings
39:05 Fletching
39:37 Ballistics
39:12 Murder Holes
39:43 Light Cavalry
41:11 Hussar
42:50 Ming Guang Armor
iceredtea256
11:09 Feudal Age
12:17 Loom
15:22 Castle Age
14:15 Horse Collar
14:44 Double-Bit Axe
16:50 Bow Saw
17:29 Heavy Plow
28:21 Fletching
30:17 Bodkin Arrow
36:30 Pikeman
38:08 Scale Mail Armor
40:03 Chain Mail Armor
El Botascha 2.0
0:37 Loom
11:15 Feudal Age
11:46 Double-Bit Axe
16:48 Castle Age
19:20 Horse Collar
21:36 Town Watch
24:16 Wheelbarrow
26:19 Heavy Plow
27:00 Bow Saw
27:34 Hand Cart
28:41 Scale Barding Armor
33:43 Imperial Age
31:53 Gold Mining
31:55 Stone Mining
33:52 Fletching
34:03 Padded Archer Armor
34:24 Chain Barding Armor
34:19 Fortified Wall
33:49 Treadmill Crane
34:20 Masonry
34:44 Bloodlines
35:53 Two-Man Saw
35:07 Forging
34:55 Bodkin Arrow
35:37 Gold Shaft Mining
36:13 Chemistry
35:09 Murder Holes
35:52 Town Patrol
35:25 Elite Skirmisher
37:41 Plate Barding Armor
37:22 Leather Archer Armor
37:42 Iron Casting
38:38 Husbandry
37:59 Light Cavalry
39:20 Conscription
38:21 Elite Mameluke
39:29 Masonry
40:25 Capped Ram
42:39 Blast Furnace
41:39 Bracer
42:09 Ring Archer Armor
41:49 Hussar
41:49 Hussar
43:40 Scale Mail Armor
lusamatusa
10:27 Feudal Age
11:02 Feudal Age
11:56 Loom
14:35 Castle Age
17:53 Wheelbarrow
19:05 Double-Bit Axe
25:05 Horse Collar
26:57 Heavy Plow
27:12 Bow Saw
31:01 Imperial Age
28:56 Gold Mining
30:17 Fletching
30:40 Padded Archer Armor
30:28 Crossbowman
31:20 Arbalester
32:11 Bodkin Arrow
32:32 Leather Archer Armor
33:29 Ballistics
34:11 Chemistry
34:21 Bracer
35:40 Ring Archer Armor
38:35 Gold Shaft Mining
41:02 Conscription
blerasdg
10:47 Feudal Age
14:49 Castle Age
12:58 Horse Collar
14:03 Double-Bit Axe
16:18 Gold Mining
17:24 Bow Saw
19:16 Forging
20:36 Scale Barding Armor
22:13 Bloodlines
21:52 Loom
22:43 Wheelbarrow
23:57 Husbandry
24:57 Chain Barding Armor
27:15 Iron Casting
34:35 Gold Shaft Mining
37:16 Imperial Age
39:18 Blast Furnace
37:41 Cavalier
40:40 Plate Barding Armor
42:06 Hand Cart
royalties
8:07 Loom
10:20 Feudal Age
14:22 Castle Age
13:56 Double-Bit Axe
13:52 Horse Collar
15:09 Loom
20:00 Fletching
21:53 Bodkin Arrow
25:09 Ballistics
31:09 Imperial Age
29:15 Gold Mining
32:07 Arrowslits
33:44 Wheelbarrow
33:24 Bow Saw
33:34 Elite Skirmisher
34:22 Bracer
35:55 Squires
35:44 Gambesons
36:00 Scale Mail Armor
37:52 Chain Mail Armor
37:48 Forging
37:39 Squires
37:25 Arson
37:22 Elite Fire Lancer
39:26 Thumb Ring
40:31 Chemistry
41:22 Treadmill Crane
43:12 Plate Mail Armor
43:18 Iron Casting
42:30 Arson
Connection lost

Rejoining the realm…

Still unreachable

The connection could not be restored.

Session expired

The server has moved on; the page needs a fresh start.